 Dungeon Crawl Stone Soup version 0.20.1-1-g8b1a95d (webtiles) character file.

53 tidbits the Magician (level 3, -5/30 HPs)
             Began as a Demigod Wanderer on Aug 23, 2017.
             Slain by an orc
             ... wielding a +0 flail
              (8 damage)
             ... on level 3 of the Dungeon.
             The game lasted 00:05:41 (786 turns).

tidbits the Magician (Demigod Wanderer)              Turns: 786, Time: 00:05:42

Health: -5/30      AC:  5    Str: 17    XL:     3   Next: 41%
Magic:  9/9        EV:  7    Int: 16    God:
Gold:   199        SH:  9    Dex: 15    Spells: 7/7 levels left

rFire    . . .     SeeInvis .   a - +1 club
rCold    . . .     Gourm    .   D - +0 shield
rNeg     . . .     Faith    .   B - +0 ring mail
rPois    .         Spirit   .   (no helmet)
rElec    .         Reflect  .   (no cloak)
rCorr    .         Harm     .   (no gloves)
MR       .....     Rnd*Tele +   (no boots)
Stlth    +.........             (no amulet)
Regen    0.1/turn               l - ring of teleportation (curse)
MPRegen  0.2/turn               (no ring)

@: lethally poisoned (-5 -> -8)
A: high mp 1
a: no special abilities


You were on level 3 of the Dungeon.
You were not hungry.

You visited 1 branch of the dungeon, and saw 3 of its levels.

You collected 199 gold pieces.

Inventory:

Hand Weapons
 a - a +1 club (weapon)
 d - a +0 spear
 r - a +0 hunting sling
Missiles
 e - 39 sling bullets
 n - 18 bolts
 s - 14 arrows
Armour
 j - a +0 buckler
 B - a +0 ring mail (worn)
 D - a +0 shield (worn)
Jewellery
 l - a cursed ring of teleportation (left hand)
   (You took it off a goblin on level 1 of the Dungeon)
Scrolls
 g - a scroll of remove curse
 h - a scroll of enchant weapon
 i - a scroll of identify
 o - a scroll of recharging {unknown}
Potions
 k - a potion of might {unknown}
Books
 b - the Almanac of Flight

   Spells                             Type                      Level
   a - Shock                          Conjuration/Air              1
   b - Static Discharge               Conjuration/Air              3
 q - a book of Cantrips
   (You found it on level 3 of the Dungeon)

   Spells                             Type                      Level
   a - Confusing Touch                Hexes                        1
   b - Animate Skeleton               Necromancy                   1
   c - Summon Small Mammal            Summoning                    1
   d - Apportation                    Translocation                1
Comestibles
 c - 2 meat rations
 f - 2 bread rations


   Skills:
 + Level 2.6 Fighting
 - Level 1.0 Armour
 * Level 2.5 Shields
 - Level 2.7 Spellcasting
   Level 1.0 Conjurations
   Level 1.0 Hexes
   Level 1.0 Evocations


You had 7 spell levels left.
You didn't know any spells.

Dungeon Overview and Level Annotations

Branches:
Dungeon (3/15)


Innate Abilities, Weirdness & Mutations

You have an increased reservoir of magic. (+10% MP)


Message History

You hit the adder.
The adder is lightly wounded.
The adder bites you. The adder bites you but does no damage.
You closely miss the adder.
The adder is lightly wounded.
The adder bites you but does no damage. The adder barely misses you.
You hit the adder.
The adder is heavily wounded.
The adder bites you but does no damage. The adder closely misses you.
You hit the adder.
The adder is almost dead.
The adder bites you but does no damage.
You hit the adder.
You kill the adder!
You see here an adder corpse.
You open the door.
A bullfrog and 2 orcs come into view.
The bullfrog gives a loud, deep croak!
The orc shouts! x2
The bullfrog moves out of view.
Found a scroll labeled JAOV EL UPULAQ and a scroll labeled UXAOGA WEANGEL.
An orc comes into view. It is wielding a hand axe.
There is an open door here.
You closely miss the bullfrog. You block the bullfrog's attack.
The bullfrog hits you.
You hit the bullfrog.
The bullfrog is moderately wounded.
The bullfrog hits you. x2; You block the bullfrog's attack.
You hit the bullfrog.
The bullfrog is moderately wounded.
The bullfrog closely misses you. The bullfrog hits you.
* * * LOW HITPOINT WARNING * * *
You closely miss the bullfrog.
The bullfrog is moderately wounded.
The bullfrog closely misses you. The bullfrog hits you.
* * * LOW HITPOINT WARNING * * *
You closely miss the bullfrog.
The bullfrog is moderately wounded.
The bullfrog closely misses you. The bullfrog hits you.
* * * LOW HITPOINT WARNING * * *
It was a potion of agility.
You feel agile all of a sudden. The bullfrog barely misses you.
You hit the bullfrog.
The bullfrog is heavily wounded.
The bullfrog hits you but does no damage.
The bullfrog barely misses you.
You miss the bullfrog.
The bullfrog is heavily wounded.
The bullfrog barely misses you. You block the bullfrog's attack.
You hit the bullfrog but do no damage.
The bullfrog is heavily wounded.
The bullfrog barely misses you. x2; The bullfrog hits you.
* * * LOW HITPOINT WARNING * * *
It was a potion of cancellation.
Your magical effects are unravelling.
You feel magically purged.
You feel a little less agile now.
The bullfrog hits you but does no damage.
As you read the scroll labeled OMUTHA MAWKEIGG, it crumbles to dust.
It is a scroll of enchant weapon.
Your +0 club glows red for a moment.
The bullfrog hits you.
* * * LOW HITPOINT WARNING * * *
You block the bullfrog's attack.
As you read the scroll labeled JAOV EL UPULAQ, it crumbles to dust.
It is a scroll of identify.
g - a scroll of remove curse You block the bullfrog's attack.
The bullfrog hits you but does no damage.
You aren't carrying any potions.
Unknown command.
As you read the scroll of teleportation, it crumbles to dust.
You feel strangely unstable. You block the bullfrog's attack.
The bullfrog hits you but does no damage.
You block the bullfrog's attack.
Your surroundings suddenly seem different.
You see here 13 stones.
f - 2 bread rations (gained 1)
Found a bubbling sapphire potion.
As you open the door, it creaks loudly!
k - a bubbling sapphire potion
There is an open door here.
As you open the door, it creaks loudly!
An adder comes into view.
The adder hisses angrily.
You hear a bark!
You hear an angry hiss.
You block the adder's attack.
Found a scroll of teleportation.
You miss the adder. The adder bites you.
* * * LOW HITPOINT WARNING * * *
You are poisoned.
The adder poisons you! You block the adder's attack.
Your shield and ring mail prevent you from hitting the adder.
You feel sick. You block the adder's attack. The orc hits you with a flail.
* * * LOW HITPOINT WARNING * * *
The adder closely misses you.
You hit the adder.
The adder is moderately wounded.
The adder bites you.
* * * LOW HITPOINT WARNING * * *
The orc hits you with a flail!
You die...

#.#.# ###.######
#.#.##### #........#
#.#.....# #........+
#.#####.###........#
#.........'........#
#######.###........#
#.#..........#
##########.#.###S#'####
....†........# #@#.#
.....#####..(# #o#.#
.....#####.#.###o#.#
....................
...........#..##.#..
.###########..##.#.. .#
#..##.# .# #...?.. ##
..#.#


You could see an adder and 2 orcs.

Vanquished Creatures
  2 adders
  2 worms (D:1)
  A dart slug (D:2)
  A leopard gecko (D:1)
  7 bats
  2 giant cockroaches (D:1)
  A goblin (D:1)
  4 hobgoblins
  A kobold (D:1)
  A ball python (D:1)
  2 frilled lizards
  3 rats
27 creatures vanquished.

Notes
Turn   | Place    | Note
-------+----------+-------------------------------------------
     0 | D:1      | tidbits the Demigod Wanderer began the quest for the Orb.
     0 | D:1      | tidbits set off with: a +0 shield, the Almanac of Flight, a +0 ring mail, a +0 club, a bread ration
     0 | D:1      | Reached XP level 1. HP: 17/17 MP: 6/6
     0 | D:1      | Identified the Almanac of Flight
   160 | D:1      | Reached XP level 2. HP: 13/24 MP: 8/8
   211 | D:1      | Reached skill level 2 in Fighting
   263 | D:1      | Reached skill level 2 in Shields
   303 | D:2      | Reached XP level 3. HP: 5/30 MP: 9/9
   474 | D:2      | Found a glowing golden altar of the Shining One.
   699 | D:3      | Noticed a bullfrog
   714 | D:3      | HP: 3/30 [bullfrog (2)]
   786 | D:3      | HP: 3/30 [adder (3)]
   786 | D:3      | Slain by an orc

Skill      XL: |  1  2 |
---------------+-------+-----
Fighting       | 2 |  2.6
Shields        | 2 |  2.5
Armour         | |  1.0
Spellcasting   | |  2.7
Conjurations   | |  1.0
Hexes          | |  1.0
Evocations     | |  1.0

Action                   || total
-------------------------++-------
Melee: Club              ||   133
  Use: Potion            ||     4
       Scroll            ||     4
Armor: Ring mail         ||    52
Dodge: Dodged            ||    42
Block: Shield            ||    52

Table legend:
 A = Turns spent in this place as a percentage of turns spent in the entire game.
 B = Non-inter-level travel turns spent in this place as a percentage of non-inter-level travel turns spent in the entire game.
 C = Inter-level travel turns spent in this place as a percentage of turns spent in this place.
 D = Turns resting spent in this place as a percentage of non-inter-level travel turns spent in this place.
 E = Turns spent auto-exploring this place as a percentage of non-inter-level travel turns spent in this place.
 F = Non-inter-level travel turns spent in this place divided by the number of levels of this place that you've seen.
                   A       B       C       D       E      F
               +-------+-------+-------+-------+-------+----------------------
         Total | 100.0 | 100.0 |   0.1 |   0.0 |   0.0 | 240.3
       Dungeon | 100.0 | 100.0 |   0.1 |   0.0 |   0.0 | 240.3
               +-------+-------+-------+-------+-------+----------------------

Table legend:
 A = Kills in this place as a percentage of kills in entire the game.
 B = Kills by you in this place as a percentage of kills by you in the entire game.
 C = Kills by friends in this place as a percentage of kills by friends in the entire game.
 D = Other kills in this place as a percentage of other kills in the entire game.
 E = Experience gained in this place as a percentage of experience gained in the entire game.
 F = Experience gained in this place divided by the number of levels of this place that you have seen.
                   A       B       C       D       E      F
               +-------+-------+-------+-------+-------+----------------------
         Total | 100.0 | 100.0 |  -nan |  -nan | 100.0 |  25.3
       Dungeon | 100.0 | 100.0 |  -nan |  -nan | 100.0 |  25.3
               +-------+-------+-------+-------+-------+----------------------

Vault maps used:
D:1:      roderic_crop_circles_arrival_small
D:2:      kennysheep_ying_yang, old_standard_altar, fedhas_altar_fruit_tree,
          uniq_natasha, uniq_terence
D:3:      chequers_ecumenical_altar_grove
